Map: Dusk Towers

Players

Sonny - Winner!

  • Race: Protoss Protoss
  • League: Master

iNcontroL

  • Race: Protoss Protoss
  • League: Master

VOD

Have the link to the VOD?

Description

Time

  • Played on: Dec. 9, 2015, 1:52 p.m.
  • Length: 9:38
Show
View Real Time Build Order
Export as new Build Order

Sonny Protoss - Winner!

Build Orders: 1 Gate Expand 

Get SALT Encoding   

  12  0:01  Probe (Chrono Boost)  
  13  0:11  Probe (Chrono Boost)  
  14  0:17  Pylon  
  14  0:22  Probe (Chrono Boost)  
  15  0:36  Probe (Chrono Boost), Gateway  
  16  0:46  Probe (Chrono Boost)  
  16  0:47  Assimilator  
  18  0:57  Probe (Chrono Boost)  
  18  1:07  Probe (Chrono Boost)  
  19  1:18  Probe (Chrono Boost)  
  20  1:23  Nexus  
  20  1:28  Probe (Chrono Boost)  
  21  1:38  Cybernetics Core  
  21  1:50  Assimilator  
  21  1:51  Probe (Chrono Boost)  
  22  1:59  Pylon  
  22  2:01  Probe (Chrono Boost)  
  23  2:14  Warp Gate (Chrono Boost)  
  23  2:17  Adept  
  25  2:33  Mothership Core (Chrono Boost)  
  25  2:36  Pylon  
  27  2:41  Gateway  
  27  2:43  Gateway  
  27  2:48  Probe (Chrono Boost)  
  27  2:49  Adept  
  30  2:51  Probe (Chrono Boost)  
  31  3:01  Probe (Chrono Boost)  
  31  3:02  Probe (Chrono Boost)  
  33  3:12  Probe (Chrono Boost)  
  34  3:17  Stalker  
  36  3:23  Assimilator  
  36  3:30  Stalker  
  38  3:37  Stalker  
  38  3:39  Probe, Pylon  
  38  3:41  Probe  
  42  3:45  Pylon  
  42  3:50  Probe  
  42  3:53  Probe  
  44  4:03  Probe  
  44  4:05  Twilight Council  
  44  4:08  Probe  
  45  4:10  Pylon  
  43  4:29  Probe (Chrono Boost)  
  43  4:31  Probe (Chrono Boost)  
  43  4:36  Assimilator  
  43  4:38  Pylon  
  43  4:39  Stalker x3  
  43  4:40  Probe (Chrono Boost), Assimilator  
  43  4:44  Probe (Chrono Boost)  
  51  4:50  Probe (Chrono Boost)  
  51  4:51  Blink (Chrono Boost)  
  52  4:56  Probe (Chrono Boost)  
  53  5:02  Probe  
  54  5:07  Probe  
  54  5:14  Probe, Gateway  
  56  5:16  Robotics Facility  
  56  5:17  Gateway  
  56  5:18  Probe  
  54  5:39  Stalker x3  
  54  5:40  Probe  
  54  5:41  Probe  
  62  5:50  Probe  
  62  5:53  Mothership Core  
  65  5:57  Forge  
  65  6:03  Observer (Chrono Boost)  
  66  6:08  Probe  
  67  6:23  Warp Prism (Chrono Boost)  
  67  6:25  Nexus  
  69  6:26  Probe, Pylon  
  69  6:29  Pylon  
  69  6:30  Stalker x3  
  69  6:31  Stalker  
  78  6:33  Protoss Ground Weapons Level 1  
  78  6:41  Pylon  
  78  6:45  Probe (Chrono Boost)  
  79  6:51  Probe (Chrono Boost)  
  78  6:55  Robotics Bay  
  78  6:56  Immortal (Chrono Boost)  
  82  7:03  Probe  
  83  7:12  Adept x3  
  86  7:25  Zealot x2  
  86  7:26  Probe x2  
  92  7:34  Immortal (Chrono Boost)  
  92  7:36  Stalker x2  
  92  7:37  Stalker  
  102  7:47  Adept x2  
  106  7:54  Probe  
  107  8:07  Probe x2  
  107  8:10  Probe, Disruptor (Chrono Boost)  
  109  8:13  Assimilator  
  109  8:18  Probe, Assimilator  
  109  8:19  Probe  
  110  8:22  Pylon  
  110  8:25  Photon Cannon  
  110  8:26  Photon Cannon x2  
  111  8:28  Photon Cannon  
  111  8:30  Sentry x2  
  111  8:31  Sentry  
  117  8:42  Probe  
  117  8:48  Photon Cannon  
  118  8:50  Photon Cannon  
  118  8:51  Disruptor (Chrono Boost)  
  118  8:52  Probe  
  122  8:59  Probe  
  123  9:02  Probe  
  123  9:03  Probe  
  121  9:15  Adept  
  121  9:16  Adept  
  124  9:21  Adept  
  124  9:22  Adept  
  102  9:33  Adept  
Show
View Real Time Build Order
Export as new Build Order

iNcontroL Protoss 

Build Orders:  

Get SALT Encoding   

  12  0:02  Probe (Chrono Boost)  
  13  0:12  Probe (Chrono Boost)  
  14  0:18  Pylon  
  14  0:23  Probe (Chrono Boost)  
  15  0:36  Probe (Chrono Boost)  
  15  0:38  Gateway  
  16  0:43  Assimilator  
  16  0:47  Probe (Chrono Boost)  
  17  0:57  Probe (Chrono Boost)  
  17  1:00  Pylon  
  18  1:08  Probe (Chrono Boost)  
  19  1:26  Cybernetics Core, Probe (Chrono Boost)  
  20  1:38  Assimilator  
  20  1:52  Nexus  
  20  2:03  Mothership Core (Chrono Boost)  
  20  2:06  Warp Gate  
  22  2:10  Pylon  
  22  2:21  Probe (Chrono Boost)  
  23  2:28  Stalker  
  25  2:32  Probe (Chrono Boost)  
  26  2:42  Probe (Chrono Boost)  
  27  2:53  Probe (Chrono Boost)  
  27  2:57  Assimilator  
  28  3:01  Robotics Facility  
  28  3:04  Gateway  
  28  3:07  Probe x2 (Chrono Boost)  
  28  3:12  Gateway  
  30  3:18  Probe (Chrono Boost)  
  32  3:20  Probe (Chrono Boost)  
  32  3:28  Probe (Chrono Boost)  
  32  3:30  Probe (Chrono Boost)  
  32  3:31  Stalker  
  36  3:39  Probe (Chrono Boost)  
  36  3:41  Probe (Chrono Boost)  
  38  3:48  Pylon  
  38  3:49  Observer  
  38  3:53  Probe x2 (Chrono Boost)  
  41  3:57  Pylon  
  41  4:09  Probe x2 (Chrono Boost)  
  43  4:16  Stalker x2  
  43  4:17  Stalker  
  46  4:27  Probe x2 (Chrono Boost)  
  47  4:34  Warp Prism  
  47  4:37  Probe x2 (Chrono Boost)  
  51  4:45  Twilight Council  
  51  4:48  Probe x2 (Chrono Boost)  
  53  4:54  Pylon  
  53  4:58  Probe x2 (Chrono Boost)  
  55  5:02  Pylon  
  55  5:06  Forge, Assimilator  
  55  5:08  Assimilator  
  55  5:09  Probe (Chrono Boost)  
  55  5:10  Observer  
  55  5:11  Probe (Chrono Boost)  
  58  5:19  Probe (Chrono Boost)  
  59  5:22  Probe (Chrono Boost)  
  54  5:30  Probe (Chrono Boost)  
  54  5:32  Immortal (Chrono Boost)  
  55  5:44  Protoss Ground Weapons Level 1 (Chrono Boost)  
  55  5:49  Stalker x3  
  61  5:54  Gateway  
  61  5:56  Gateway  
  61  5:58  Gateway  
  61  6:05  Immortal (Chrono Boost)  
  65  6:14  Pylon x2  
  65  6:15  Blink (Chrono Boost)  
  65  6:19  Probe  
  65  6:20  Probe  
  67  6:27  Stalker x2  
  67  6:30  Stalker  
  73  6:41  Immortal  
  73  6:45  Gateway  
  77  6:54  Zealot x3  
  79  7:16  Zealot x3  
  75  7:33  Stalker x2  
  79  7:37  Stalker  
  75  7:53  Stalker x2  
  75  7:54  Stalker x2  
  81  8:03  Adept x2  
  81  8:04  Adept  
  83  8:19  Adept x3  
  89  8:20  Adept  
  89  8:26  Nexus  
  91  8:35  Photon Cannon  
  91  8:36  Pylon  
  91  8:38  Stalker  
  91  8:39  Stalker x2  
  97  8:42  Sentry  
  97  8:45  Sentry  
  101  8:52  Pylon  
  100  8:56  Sentry  
  100  8:57  Sentry  
  104  9:04  Stalker x2  
  108  9:16  Adept x2  
  95  9:28  Adept x2  
  95  9:29  Adept  
Tags
 
Add a new tag
Caveats
  • Supply blocks, unpowered buildings, or Contaminate may cause inaccurate times.
  • Supply counts are checked every 10 seconds.